 Dungeon Crawl Stone Soup version 0.30-b1-2-g02819fbbbe (webtiles) character file.

Game seed: 12730011470016297177

28 Alarkh the Shooter (level 3, 27/27 HPs)
             Began as a Demonspawn Hunter on May 25, 2023.
             Got out of the dungeon alive.
             The game lasted 00:00:50 (717 turns).

Alarkh the Shooter (Demonspawn Hunter)               Turns: 717, Time: 00:00:50

Health: 27/27      AC:  5    Str: 11    XL:     3   Next: 0%
Magic:  3/3        EV: 11    Int: 12    God:
Gold:   28         SH:  0    Dex: 16    Spells: 2/2 levels left

rFire   . . .        a - +0 shortbow
rCold   . . .        (shield currently unavailable)
rNeg    . . .        c - +0 leather armour
rPois   .            (no helmet)
rElec   .            (no cloak)
rCorr   .            (no gloves)
SInv    +            (no boots)
Will    .....        (no amulet)
Stlth   +            g - ring of see invisible
HPRegen 0.24/turn    (no ring)
MPRegen 0.08/turn

%: no passive effects
@: no status effects
A: thin metallic scales 1, weakness stinger 1
a: no special abilities


You escaped.
You visited 1 branch of the dungeon, and saw 1 of its levels.

You collected 28 gold pieces.

Inventory:

Hand Weapons
 a - a +0 shortbow (weapon)
Armour
 c - a +0 leather armour (worn)
Jewellery
 g - a ring of see invisible (left hand)
Scrolls
 b - a scroll of immolation
 e - a scroll of vulnerability {unknown}
 f - a scroll of noise {unknown}
 h - 2 scrolls of identify {unknown}
Potions
 d - 2 potions of brilliance
 i - a potion of curing {unknown}


   Skills:
 - Level 2.0 Fighting
 + Level 4.5 Ranged Weapons
 - Level 1.7 Dodging
 - Level 0.8 Stealth


You had 2 spell levels left.
You didn't know any spells.
Your spell library contained the following spells:

 Spells                   Type           Power      Damage    Failure   Level
 Summon Forest            Summ/Tloc      0%         N/A       100%        5
 Eringya's Noxious Bog    Tmut/Pois      0%         N/A       100%        6
 Summon Hydra             Summ           0%         N/A       100%        7


Dungeon Overview and Level Annotations

Branches:
Dungeon (1/15)

Altars:


Innate Abilities, Weirdness & Mutations

You are partially covered in thin metallic scales. (AC +2)
You have a small tail.


Message History

You kill the quokka!
The frilled lizard barely misses you.
You shoot an arrow.
The arrow closely misses the frilled lizard.
The frilled lizard barely misses you.
You shoot an arrow. The arrow hits the frilled lizard.
You kill the frilled lizard!
No target in view!
A ball python comes into view.
You see here a frilled lizard corpse.
A ball python is nearby!
A ball python is nearby!
You shoot an arrow. The arrow hits the ball python.
You kill the ball python!
No target in view!
No target in view!
Found a club.
You see here a +0 club.
You now have 28 gold pieces (gained 7).
i - a blue potion A ball python comes into view.
You shoot an arrow.
The arrow hits the ball python but does no damage.
A ball python comes into view.
You shoot an arrow. The ball python hisses angrily.
The arrow hits the ball python.
You kill the ball python!
You shoot an arrow. The arrow hits the ball python!
You kill the ball python!
You have reached level 3!
Your experience leads to an increase in your attributes!
Increase (S)trength, (I)ntelligence, or (D)exterity?
You feel clever. x2; Your demonic ancestry asserts itself...
Thin metallic scales grow over part of your body.
There is a stone staircase leading down here.
There is an open door here.
There is a staircase leading out of the dungeon here.
Are you sure you want to leave the Dungeon?
This will make you lose the game!
You have escaped!

#.# ########......##.# #.#
###########)##.##.# #.##
#..[...........##.#
...###....>...##.......#
..............##.##.####
...#...........#+##.#
####.#........##.#..#############
#.#.......###.###......##.....
#.#.......#..@..#.#.##.##..###
#.###.#######.########.##..###
#.###.+.............+.........
#.....####.#####.#####.#.#.#.# ##
#####...##.#####.##.##.#.....# .#
#...'.........+.....#.#.#. .#
#..######.########.......#
.#######..#...........###.#.#.#.#
..>.......######.#######........#


There were no monsters in sight!

Vanquished Creatures
  7 ball pythons (D:1)
  2 bats (D:1)
  2 endoplasms (D:1)
  A giant cockroach (D:1)
  3 goblins (D:1)
  2 hobgoblins (D:1)
  2 jackals (D:1)
  2 quokkas (D:1)
  A frilled lizard (D:1)
  A kobold (D:1)
  3 rats (D:1)
26 creatures vanquished.

Notes
Turn   | Place    | Note
-------+----------+-------------------------------------------
     0 | D:1      | Alarkh the Demonspawn Hunter began the quest for the Orb.
     0 | D:1      | Reached XP level 1. HP: 16/16 MP: 1/1
   197 | D:1      | Reached skill level 4 in Ranged Weapons
   198 | D:1      | Gained mutation: You have a small tail. [demonic ancestry]
   198 | D:1      | Reached XP level 2. HP: 22/22 MP: 2/2
   644 | D:1      | Found a faded altar of an unknown god.
   688 | D:1      | Gained mutation: You are partially covered in thin metallic
                  | scales. (AC +2) [demonic ancestry]
   688 | D:1      | Reached XP level 3. HP: 27/27 MP: 3/3
   717 | D:$      | Got out of the dungeon alive.

Illustrated notes

Levels and vault maps discovered:
D:1:      shiori_shiawase, layout_loops_cross,
          nicolae_ecumenical_snake_handling, kennysheep_small_spiral, hex_tiny

Skill      XL: |  1 |
---------------+----+-----
Ranged Weapons | 4 |  4.5
Fighting       | |  2.0
Dodging        | |  1.7
Stealth        | |  0.8

Action                     || total
---------------------------++-------
   Fire: Shortbow          ||    80
    Use: Potion            ||     1
 Armour: Leather armour    ||    18
  Dodge: Dodged            ||    25
